 Dungeon Crawl Stone Soup version 0.31-a0-968-g24f9ace8b5 (webtiles) character file.

Game seed: 15997334131113621370

45 Dittersdorf the Shield-Bearer (level 3, -6/24 HPs)
             Began as a Gargoyle Fighter on Oct 27, 2023.
             Mangled by a black bear (9 damage)
             ... on level 2 of the Dungeon.
             The game lasted 00:01:50 (1231 turns).

Dittersdorf the Shield-Bearer (Gargoyle Fighter)    Turns: 1231, Time: 00:01:50

Health: -6/24      AC: 11    Str: 21    XL:     3   Next: 64%
Magic:  3/3        EV:  9    Int: 14    God:
Gold:   49         SH:  4    Dex:  9    Spells: 2/2 levels left

rFire   . . .        a - +0 flail
rCold   . . .        c - +0 buckler
rNeg    + . .        b - +0 scale mail
rPois   ∞            (no helmet)
rElec   +            (no cloak)
rCorr   .            (no gloves)
SInv    .            g - +0 pair of boots
Will    .....        (no amulet) Stlth
                     f - +6 ring of intelligence
HPRegen 0.24/turn    (no ring)
MPRegen 0.08/turn

%: no passive effects
@: no status effects
A: sickness immunity, AC +3, negative energy resistance 1, electricity
resistance, torment resistance 1, petrification resistance
a: no special abilities


You were on level 2 of the Dungeon.
You visited 1 branch of the dungeon, and saw 2 of its levels.

You collected 49 gold pieces.

Inventory:

Hand Weapons
 a - a +0 flail (weapon)
Armour
 b - a +0 scale mail (worn)
 c - a +0 buckler (worn)
 g - a +0 pair of boots (worn)
Jewellery
 f - a +6 ring of intelligence (left hand)
 k - a ring of fire
Scrolls
 e - a scroll of identify {unknown}
 h - a scroll of fog {unknown}
 i - a scroll of immolation {unknown}
 j - a scroll of enchant armour {unknown}
 l - a scroll of poison {unknown}
Potions
 d - 2 potions of might


   Skills:
 + Level 3.7 Fighting
 + Level 2.5 Maces & Flails
 + Level 3.7 Armour
 + Level 3.8 Shields


You had 2 spell levels left.
You didn't know any spells.
Your spell library contained the following spells:

 Spells                   Type           Power      Damage    Failure   Level
 Magic Dart               Conj           0%         1d3       67%         1
 Call Imp                 Summ           0%         N/A       82%         2
 Mephitic Cloud           Conj/Pois/Air  0%         N/A       96%         3


Dungeon Overview and Level Annotations

Branches:
Dungeon (2/15)

Altars:


Innate Abilities, Weirdness & Mutations

You are immune to sickness and miasma.
Your stone body is resilient. (AC +3)
You are immune to poison.
You resist negative energy. (rN+)
You are resistant to electric shocks. (rElec)
You are resistant to unholy torment.
You are immune to petrification.


Message History

You block the black bear's attack. The black bear claws you.
The black bear barely misses you.
The black bear bites you but does no damage.
The black bear barely misses you.
The black bear claws you but does no damage.
You barely miss the black bear.
The black bear is severely wounded.
The black bear bites you but does no damage.
The black bear closely misses you.
The black bear claws you but does no damage.
The black bear bites you!
* * * LOW HITPOINT WARNING * * *
The black bear claws you but does no damage.
The black bear claws you.
* * * LOW HITPOINT WARNING * * *
You are too injured to fight recklessly!
You are too injured to fight recklessly!
You are too injured to fight recklessly!
You are too injured to fight recklessly!
You are too injured to fight recklessly!
You are too injured to fight recklessly!
You are too injured to fight recklessly!
You are too injured to fight recklessly!
You are too injured to fight recklessly!
You are too injured to fight recklessly!
You are too injured to fight recklessly!
You are too injured to fight recklessly!
You are too injured to fight recklessly!
You are too injured to fight recklessly!
You are too injured to fight recklessly!
You are too injured to fight recklessly!
You are too injured to fight recklessly!
You hit the black bear but do no damage.
The black bear is severely wounded.
The black bear completely misses you. The black bear barely misses you.
The black bear closely misses you.
You barely miss the black bear.
The black bear is severely wounded.
The black bear bites you!
You die...

###.....# ..... ....#
#.# ####### .#.#.##
#..###.#####.#
#.#.#.####............#
# #.#.. ....###.#######
#.#####...# #.#
..##...# #.# #S##...#
#.# #h##...###.#
#.####@#........#
#...........#####
######.....)######
####........#
#....###.# #.##.# #.#
### #.##.# #.# ##.##
##.##.# #.# #...##
##...#.# #(######


You could see a black bear (berserk) and an adder.

Vanquished Creatures
  2 adders (D:2)
  A dart slug (D:1)
  6 endoplasms
  3 goblins
  2 hobgoblins
  2 quokkas
  2 ball pythons
  A bat (D:1)
  A frilled lizard (D:1)
  A kobold (D:1)
  3 rats
24 creatures vanquished.

Notes
Turn   | Place    | Note
-------+----------+-------------------------------------------
     0 | D:1      | Dittersdorf the Gargoyle Fighter began the quest for the
                  | Orb.
     0 | D:1      | Reached XP level 1. HP: 14/14 MP: 1/1
   364 | D:1      | Reached XP level 2. HP: 2/19 MP: 2/2
   999 | D:2      | Reached XP level 3. HP: 22/24 MP: 3/3
  1221 | D:2      | Noticed a black bear
  1231 | D:2      | Mangled by a black bear

Illustrated notes

Levels and vault maps discovered:
D:1:      sevenhm_arrival_forest_fort_small_6, layout_loops_ring,
          minmay_misc_feat_tower
D:2:      layout_loops_ring

Action                     || total
---------------------------++-------
  Melee: Flail             ||   108
 Armour: Scale mail        ||    83
  Dodge: Dodged            ||    57
  Block: Buckler           ||    26

Table legend: (Time is in decaauts)
 A = Elapsed time spent in this place.
 B = Non-inter-level travel time spent in this place.
 C = Inter-level travel time spent in this place.
 D = Time resting spent in this place.
 E = Time spent auto-exploring this place.
 F = Levels seen in this place.
 G = Mean time per level.
                   A        B        C        D        E       F      G
               +--------+--------+--------+--------+--------+-----+--------+
         Total |   1264 |   1187 |     77 |      0 |    916 |   2 |  632.0 |
       Dungeon |   1264 |   1187 |     77 |      0 |    916 |   2 |  632.0 |
               +--------+--------+--------+--------+--------+-----+--------+

Top non-repeatable levels by time:
     D:1: 930 daAuts
     D:2: 333 daAuts
